 Dungeon Crawl Stone Soup version 0.26.1-11-gd32895ea62 (webtiles) character file.

Game seed: 16509884182614301221

11293 Zeld the Severer (level 11, -5/71 HPs)
             Began as a Minotaur Berserker on May 27, 2021.
             Was a Priest of Trog.
             Killed from afar by a wretched star (12 damage)
             ... with a lance of force
             ... on level 3 of the Abyss.
             The game lasted 00:18:13 (12919 turns).

Zeld the Severer (Minotaur Berserker)              Turns: 12919, Time: 00:18:14

Health: -5/71      AC: 16    Str: 25    XL:     11   Next: 47%
Magic:  0/10       EV:  8    Int:  4    God:    Trog [***...]
Gold:   432        SH:  0    Dex: 10    Spells: 10/10 levels left

rFire    . . .     SeeInvis +   a - +0 battleaxe (flame)
rCold    . . .     Faith    .   (shield currently unavailable)
rNeg     . . .     Spirit   +   p - +0 plate armour
rPois    .         Reflect  .   (helmet restricted)
rElec    .         Harm     .   r - +2 cloak
rCorr    .         Rampage  .   (no gloves)
Will     +....                  o - +2 pair of boots
Stlth    ..........             E - amulet of guardian spirit
HPRegen  0.21/turn              t - ring of see invisible
MPRegen  0.12/turn              (no ring)

@: about to teleport, studying Fighting
A: retaliatory headbutt, horns 2, slimy green scales 1, [deformed body], [frail
2], strong-willed 1, shaggy fur 1
a: Renounce Religion, Berserk, Trog's Hand


You were on level 3 of the Abyss.
You worshipped Trog.
Trog was most pleased with you.
You visited 2 branches of the dungeon, and saw 11 of its levels.
You visited the Abyss 1 time.
You also visited: Sewer and Bailey.

You collected 582 gold pieces.
You spent 150 gold pieces at shops.

Inventory:

Hand Weapons
 a - a +0 battleaxe of flaming (weapon)
Armour
 o - a +2 pair of boots (worn)
 p - a +0 plate armour (worn)
 r - a +2 cloak (worn)
Jewellery
 t - a ring of see invisible (left hand)
 E - an amulet of guardian spirit (around neck)
Wands
 y - a wand of iceblast (2)
 C - a wand of acid (2)
 H - a wand of random effects (5)
 I - a wand of paralysis (3)
Scrolls
 d - 4 scrolls of enchant armour
 j - 3 scrolls of magic mapping
 n - 3 scrolls of blinking
 s - 3 scrolls of fear
 v - a scroll of teleportation
 A - 4 scrolls of remove curse
 B - a scroll of silence
 G - a scroll of enchant weapon {unknown}
Potions
 b - 4 potions of haste {unknown}
 c - 5 potions of flight
 h - 2 potions of degeneration {unknown}
 m - 3 potions of brilliance {unknown}
 q - 4 potions of curing {unknown}
 u - a potion of invisibility {unknown}
 w - 2 potions of magic {unknown}
 x - 3 potions of lignification {unknown}
 z - 3 potions of might {unknown}
 F - a potion of heal wounds {unknown}
Books
 f - a manual of Fighting
Miscellaneous
 e - a phantom mirror (inert)


   Skills:
 - Level 6.0 Fighting
 * Level 18.7 Axes
 - Level 5.1 Armour
 - Level 4.7 Dodging
 - Level 0.7 Evocations


You had 10 spell levels left.
You didn't know any spells.
Your spell library was empty.

Dungeon Overview and Level Annotations

Branches:
Dungeon (10/15)            Temple (1/1) D:4             Orc (0/2) D:10
  Sewer (visited)          Bailey (visited)
   Lair: D:8-11

Altars:
Ashenzari
Cheibriados
Dithmenos
Elyvilon
Fedhas
Gozag
Hepliaklqana
Kikubaaqudgha
Makhleb
Nemelex Xobeh
Okawaru
Qazlal
Ru
Sif Muna
Trog
Uskayaw
Vehumet
Wu Jian
Xom
Yredelemnul
Zin
The Shining One

Shops:
D:4 =


Innate Abilities, Weirdness & Mutations

You reflexively headbutt those who attack you in melee.
You have a pair of horns on your head.
You are partially covered in slimy green scales. (AC +2)
You are strong-willed. (Will+)
You are covered in fur. (AC +1)
[Armour fits poorly on your strangely shaped body.]
[You are very frail. (-20% HP)]


Message History

You feel frail. x2
As you read the scroll of teleportation, it crumbles to dust.
You feel strangely unstable.
You feel the power of the Abyss delaying your translocation!
The wretched star pulses with an eldritch light!
Your body twists and deforms.
The wretched star glows turbulently.
The lance of force hits you!!
* * * LOW HITPOINT WARNING * * *
You are knocked back by the lance of force.
You slam into the rock wall!
* * * LOW HITPOINT WARNING * * *
A smoke demon comes into view.
The smoke demon roars!
The smoke demon hits you but does no damage.
The smoke demon barely misses you.
The smoke demon hits you but does no damage.
The wretched star glows turbulently.
The lance of force hits you!
You die...

# ##### #.
# #.#....
..# #.## ##
# #. #..# #
.. ##.##
.#.#
#.####..#
#*#..3.#
##..@..#
####.......
.......
.#.....
#.....# #
#..# ##.


You could see a wretched star and a smoke demon.

Vanquished Creatures
  Erolcha (D:9)
  Erica (D:8)
  2 two-headed ogres
  A cyclops (D:9)
  A centaur skeleton (D:10)
  Maggie (D:9)
  An efreet (D:8)
  A troll (D:9)
  Grinder (D:5)
  4 raiju (Abyss:3)
  2 humans (D:7)
  A wyvern (D:9)
  Menkaure (D:4)
  Duvessa (D:4)
  A water moccasin (D:9)
  A small abomination (Abyss:3)
  A large abomination (Abyss:2)
  A necrophage (D:9)
  11 orc warriors
  2 sky beasts (D:5)
  An eye of draining (D:8)
  3 ice beasts
  4 ogres
  11 centaurs
  3 big kobolds
  2 bullfrogs
  Blork the orc (D:5)
  A gnoll sergeant (D:2)
  Dowan (D:4)
  4 scorpions
  4 killer bees (D:9)
  4 wights (D:8)
  A howler monkey (D:5)
  An electric eel (D:10)
  A centaur zombie (D:6)
  A quasit (Abyss:3)
  A bullfrog zombie (D:6)
  A hound (D:6)
  13 orc priests
  4 iguanas
  4 jellies
  10 orc wizards
  4 bullfrog skeletons
  5 worker ants
  A killer bee zombie (D:9)
  2 hound skeletons
  A hound zombie (D:6)
  A worker ant zombie (D:6)
  A howler monkey skeleton (D:7)
  6 gnolls
  8 adders
  5 river rats
  2 ufetubi
  2 adder skeletons
  An adder zombie (D:8)
  A worm (D:2)
  4 dart slugs
  4 leopard geckos
  69 orcs
  11 giant cockroaches
  8 goblins
  7 hobgoblins
  15 jackals
  23 kobolds
  4 quokkas
  6 ball pythons
  9 bats
  10 frilled lizards
  A quokka zombie (D:6)
  21 rats
344 creatures vanquished.

Vanquished Creatures (collateral kills)
  2 orc warriors (Bailey)
  An orc (Bailey)
3 creatures vanquished.

Vanquished Creatures (others)
  3 demonic plants (Abyss:3)
  7 starspawn tentacles (Abyss:2)
10 creatures vanquished.

Grand Total: 357 creatures vanquished

Notes
Turn   | Place    | Note
-------+----------+-------------------------------------------
     0 | D:1      | Zeld the Minotaur Berserker began the quest for the Orb.
     0 | D:1      | Reached XP level 1. HP: 19/19 MP: 0/0
   110 | D:1      | Reached skill level 4 in Axes
   233 | D:1      | Reached XP level 2. HP: 26/26 MP: 1/1
   537 | D:1      | Reached skill level 5 in Axes
   681 | D:1      | Reached ** piety under Trog
   682 | D:1      | Reached XP level 3. HP: 20/31 MP: 2/2
  1333 | D:2      | Found a blossoming altar of Fedhas.
  1370 | D:2      | Found a broken altar of Ashenzari.
  1759 | D:2      | Noticed a gnoll sergeant
  2281 | D:2      | Killed a gnoll sergeant
  2282 | D:2      | Reached skill level 6 in Axes
  2282 | D:2      | Reached XP level 4. HP: 39/39 MP: 3/3
  2289 | D:2      | Reached XP level 5. HP: 36/45 MP: 4/4
  2510 | D:2      | Reached skill level 7 in Axes
  2653 | D:2      | Found a hazy altar of Hepliaklqana.
  3043 | D:3      | Reached skill level 8 in Axes
  3090 | D:3      | Found a white marble altar of Elyvilon.
  3123 | D:3      | Reached XP level 6. HP: 46/51 MP: 5/5
  3123 | D:3      | Reached *** piety under Trog
  3567 | D:4      | Noticed Menkaure
  3569 | D:4      | Found a staircase to the Ecumenical Temple.
  3573 | D:4      | Killed Menkaure
  3574 | D:4      | Reached skill level 9 in Axes
  3586 | Temple   | Entered the Ecumenical Temple
  3949 | D:4      | Noticed Duvessa
  3949 | D:4      | Noticed Dowan
  3968 | D:4      | Killed Duvessa
  3969 | D:4      | Reached XP level 7. HP: 57/57 MP: 6/6
  3991 | D:4      | Killed Dowan
  3992 | D:4      | Reached skill level 10 in Axes
  4180 | D:4      | Found Sounyuh's Jewellery Emporium.
  4183 | D:4      | Bought an uncursed ring of see invisible for 150 gold
                  | pieces
  4567 | D:5      | Entered Level 5 of the Dungeon
  4600 | D:5      | Noticed Blork the orc
  4610 | D:5      | Killed Blork the orc
  4611 | D:5      | Reached skill level 11 in Axes
  4870 | D:5      | Reached XP level 8. HP: 64/64 MP: 7/7
  4974 | D:5      | Found a glowing drain.
  4992 | Sewer    | Entered a sewer
  5004 | Sewer    | Reached **** piety under Trog
  5622 | D:5      | Noticed Grinder
  5631 | D:5      | Killed Grinder
  5632 | D:5      | Reached skill level 12 in Axes
  5815 | D:5      | Found a sacrificial altar of Ru.
  5991 | D:6      | Reached skill level 13 in Axes
  6396 | D:6      | Reached XP level 9. HP: 66/70 MP: 8/8
  6402 | D:6      | Reached ***** piety under Trog
  6532 | D:6      | Reached skill level 14 in Axes
  6901 | D:6      | Found a glowing golden altar of the Shining One.
  7243 | D:7      | Found an iron altar of Okawaru.
  7261 | D:7      | Reached skill level 5 in Fighting
  7912 | D:7      | Reached skill level 5 in Armour
  8299 | D:8      | Received a gift from Trog
  8599 | D:8      | Found a radiant altar of Vehumet.
  8676 | D:8      | Noticed an efreet
  8680 | D:8      | Killed an efreet
  8684 | D:8      | Reached XP level 10. HP: 83/83 MP: 3/9
  8694 | D:8      | Noticed Erica
  8705 | D:8      | Killed Erica
  8706 | D:8      | Reached skill level 15 in Axes
  9085 | D:8      | Found a basalt altar of Yredelemnul.
  9089 | D:8      | Found an ancient bone altar of Kikubaaqudgha.
  9089 | D:8      | Found an opulent altar of Gozag.
  9102 | D:8      | Found a radiant altar of Vehumet.
  9105 | D:8      | Found an ornate altar of the Wu Jian Council.
  9421 | D:9      | Noticed Erolcha
  9426 | D:9      | Killed Erolcha
  9706 | D:9      | Reached skill level 16 in Axes
  9891 | D:9      | Noticed Maggie
  9891 | D:9      | Noticed a two-headed ogre
  9892 | D:9      | Killed a two-headed ogre
  9900 | D:9      | Reached skill level 17 in Axes
  9901 | D:9      | Killed Maggie
  9901 | D:9      | Noticed a cyclops
 10275 | D:9      | Killed a cyclops
 10276 | D:9      | Reached XP level 11. HP: 89/89 MP: 10/10
 10546 | D:9      | Found a glowing silver altar of Zin.
 10977 | D:10     | Entered Level 10 of the Dungeon
 11060 | D:10     | Found a flagged portal.
 11063 | D:10     | Noticed a two-headed ogre
 11073 | D:10     | Killed a two-headed ogre
 11124 | Bailey   | Entered a bailey
 11307 | Bailey   | Reached skill level 18 in Axes
 11611 | Bailey   | Gained mutation: You are covered in fur. (AC +1) [potion of
                  | mutation]
 11611 | Bailey   | Gained mutation: You are partially covered in slimy green
                  | scales. (AC +2) [potion of mutation]
 11611 | Bailey   | Gained mutation: You are strong-willed. (Will+) [potion of
                  | mutation]
 12153 | Bailey   | Cast into level 2 of the Abyss (unwielding a weapon of
                  | distortion)
 12176 | Abyss:2  | Noticed a tentacled starspawn
 12184 | Abyss:2  | Noticed a thrashing horror
 12185 | Abyss:2  | Noticed a thrashing horror
 12196 | Abyss:2  | Found a corrupted altar of Lugonu.
 12346 | Abyss:2  | Noticed a lich
 12457 | Abyss:2  | Noticed a thrashing horror
 12460 | Abyss:2  | Found a corrupted altar of Lugonu.
 12462 | Abyss:2  | Noticed a starcursed mass
 12622 | Abyss:2  | Noticed a large abomination
 12625 | Abyss:2  | Noticed a tentacled starspawn
 12735 | Abyss:3  | Noticed a starcursed mass
 12822 | Abyss:3  | Found a corrupted altar of Lugonu.
 12910 | Abyss:3  | Noticed a wretched star
 12919 | Abyss:3  | Killed from afar by a wretched star

Illustrated notes

Levels and vault maps discovered:
D:1:      scummos_arrival_simple_crosswalls, layout_rooms
D:2:      minmay_skewed_foursquare, layout_basic, grunt_temple_overflow_open,
          lemuel_round_altar
D:3:      layout_basic, marbit_many_paths
D:4:      cheibrodos_helix_gallery, layout_basic,
          minmay_temple_entry_stoned_glass, serial_shops, kennysheep_mini_moat,
          uniq_duvessa, uniq_menkaure
D:5:      layout_cave_pools, nicolae_overflow_crystal_walls,
          portal_sewer_entry_c, uniq_grinder, uniq_blork_the_orc
D:6:      layout_rooms, tso_altar
D:7:      layout_basic, okawaru_humans
D:8:      minmay_curly_fans, layout_loops_ring, minmay_overflow_temple_star_hex,
          basic_altar, grunt_ministairs_4, minmay_crystal_room, uniq_erica
D:9:      layout_long_grid, zin_academy, uniq_maggie, uniq_erolcha
D:10:     layout_basic, erik_orc_1, enter_bailey_1, serial_shops, shop,
          nicolae_dithmenos_shadow_blocks
Temple:   jpeg_temple_island
Abyss:3:  base: D:10, grunt_abyss_rune_forest_and_sorcery,
          evilmike_abyss_exit_vortex, kilobyte_mutagenic_chamber,
          evilmike_abyss_exit_plants, dshaligram_kb_abyss_rune_zappy_water_cross
Bailey:   bailey_polearm_flooded_kennysheep, bailey

Skill      XL: |  1  2  3  4  5  6  7  8  9 10 11 |
---------------+----------------------------------+-----
Axes           | 4 5 6 8 9 11 13 14 17 18 | 18.7
Fighting       | 6 |  6.0
Armour         | 5 |  5.1
Dodging        | 4 |  4.7
Evocations     | |  0.7

Action                   |  1- 3 |  4- 6 |  7- 9 | 10-12 || total
-------------------------+-------+-------+-------+-------++-------
Melee: Hand axe          |    77 |   127 |   409 |       ||   613
       Headbutt          |    12 |    20 |    65 |    41 ||   138
       Broad axe         |       |       |    24 |    58 ||    82
       Battleaxe         |       |       |       |   175 ||   175
Invok: Berserk           |     1 |     2 |     7 |     4 ||    14
       Trog's Hand       |     1 |       |     1 |     5 ||     7
       Brothers in Arms  |       |       |       |     6 ||     6
Evoke: Wand              |       |       |       |    16 ||    16
       Phantom mirror    |       |       |       |     1 ||     1
  Use: Scroll            |       |       |       |    25 ||    25
       Potion            |       |       |       |     2 ||     2
 Stab: Sleeping          |     1 |       |       |       ||     1
Armor: Plate armour      |       |    68 |   201 |   249 ||   518
Dodge: Dodged            |    54 |    45 |   124 |   165 ||   388
